 Dungeon Crawl Stone Soup version 0.23.2-40-g277498a001 (webtiles) character file.

Game seed: 17356103525800492958

105 Descartes the Insei (level 4, -4/24 HPs)
             Began as a Vine Stalker Monk on Oct 13, 2019.
             Was a Believer of Wu Jian.
             Slain by a gnoll
             ... wielding a +0 spear
              (6 damage)
             ... on level 3 of the Dungeon.
             The game lasted 00:03:57 (2706 turns).

Descartes the Insei (Vine Stalker Monk)             Turns: 2706, Time: 00:03:57

Health: -4/24      AC:  5    Str: 14    XL:     4   Next: 83%
Magic:  0/5        EV: 11    Int: 10    God:    Wu Jian [**....]
Gold:   191        SH:  4    Dex: 17    Spells: 3/3 levels left

rFire    . . .     SeeInvis .     - Unarmed
rCold    . . .     Gourm    .   f - +0 buckler
rNeg     . . .     Faith    .   s - +0 ring mail
rPois    .         Spirit   +   (no helmet)
rElec    .         Reflect  .   (no cloak)
rCorr    .         Harm     .   (no gloves)
MR       .....                  (no boots)
Stlth    ++........             (no amulet)
HPRegen  0.48/turn              k - ring of flight
MPRegen  0.09/turn              (no ring)

@: no status effects
A: fangs 2, regeneration 1, magic shield, antimagic bite, no potion heal 3, rot
immunity
a: Wall Jump, Renounce Religion, Evoke Flight


You were on level 3 of the Dungeon.
You worshipped Wu Jian.
Wu Jian was pleased with you.
You were not hungry.

You visited 1 branch of the dungeon, and saw 3 of its levels.

You collected 191 gold pieces.

Inventory:

Missiles
 d - 26 stones (quivered)
 j - 27 sling bullets
 n - 8 tomahawks
 q - 5 poisoned tomahawks
Armour
 a - a +0 robe
 f - a +0 buckler (worn)
 s - a +0 ring mail (worn)
Jewellery
 k - a ring of flight (left hand)
Wands
 v - a wand of flame (25)
Scrolls
 c - a scroll of amnesia {unknown}
 g - 2 scrolls of remove curse {unknown}
 l - a scroll of enchant weapon {unknown}
 u - a scroll of identify {unknown}
Potions
 e - 2 potions of degeneration {unknown}
 h - a potion of might {unknown}
 i - a potion of lignification {unknown}
 m - 2 potions of haste {unknown}
 p - a potion of heal wounds {unknown}
 r - 2 potions of agility {unknown}
 t - a potion of curing {unknown}
Comestibles
 b - 5 rations
 o - 2 chunks of flesh


   Skills:
 + Level 3.1 Fighting
 + Level 0.4 Armour
 + Level 3.0 Dodging
 + Level 3.2 Stealth
 + Level 0.3 Shields
 + Level 3.8 Unarmed Combat
 + Level 0.2 Evocations


You had 3 spell levels left.
You didn't know any spells.
Your spell library was empty.

Dungeon Overview and Level Annotations

Branches:
Dungeon (3/15)

Altars:
Ashenzari
Elyvilon
Wu Jian


Innate Abilities, Weirdness & Mutations

You have extremely sharp teeth.
Your natural rate of healing is unusually fast.
When hurt, damage is shared between your health and your magic reserves.
Your bite disrupts and absorbs the magic of your enemies.
Potions cannot restore your health.
You are immune to rotting.


Message History

The gnoll is moderately wounded.
You block the gnoll's attack. The gnoll hits you with a +0 spear.
The gnoll throws a throwing net.
The throwing net hits you.
You become entangled in the net!
You see here a throwing net.
You struggle against the net.
The gnoll hits you but does no damage. The gnoll hits you with a +0 spear.
You struggle against the net.
The gnoll hits you from afar with a +0 spear.
* * * LOW HITPOINT WARNING * * *
The gnoll hits you with a +0 spear.
* * * LOW HITPOINT WARNING * * *
You struggle against the net.
The gnoll hits you.
The gnoll hits you from afar with a +0 spear.
* * * LOW HITPOINT WARNING * * *
The gnoll barely misses you.
Unknown command.
You rip the net and break free!
The gnoll hits you but does no damage. You block the gnoll's attack.
The gnoll hits you with a +0 spear.
You die...

#........#
+(.......#
#........#
#........#
#........#
#........#
#......g.#
#....gg@.#
########)##
#.........#
#.######..# #.#
#..# #.# ## #..#
######.###. ...#
#........#.###.##
#.####.#.#......#


You could see 3 gnolls.

Vanquished Creatures
  3 adders
  4 gnolls
  A worm (D:2)
  A dart slug (D:2)
  2 leopard geckos
  A ball python (D:1)
  5 bats
  2 giant cockroaches
  A goblin (D:1)
  4 hobgoblins
  3 kobolds
  4 frilled lizards
  5 rats
36 creatures vanquished.

Notes
Turn   | Place    | Note
-------+----------+-------------------------------------------
     0 | D:1      | Descartes the Vine Stalker Monk began the quest for the
                  | Orb.
     0 | D:1      | Reached XP level 1. HP: 11/11 MP: 2/2
   113 | D:1      | Reached XP level 2. HP: 16/16 MP: 3/3
   606 | D:1      | Reached XP level 3. HP: 4/19 MP: 1/4
  2238 | D:2      | Gained mutation: Your natural rate of healing is unusually
                  | fast. [Vine Stalker growth]
  2238 | D:2      | Reached XP level 4. HP: 6/24 MP: 1/5
  2459 | D:2      | Found a white marble altar of Elyvilon.
  2657 | D:3      | Found an ornate altar of the Wu Jian Council.
  2659 | D:3      | Found a shattered altar of Ashenzari.
  2661 | D:3      | Became a worshipper of the Wu Jian Council
  2661 | D:3      | Reached * piety under Wu Jian
  2661 | D:3      | Reached ** piety under Wu Jian
  2705 | D:3      | HP: 1/24 [gnoll/+0 spear (3)]
  2706 | D:3      | Slain by a gnoll

Skill      XL: |  1  2  3 |
---------------+----------+-----
Fighting       | 3 |  3.1
Dodging        | 3 |  3.0
Stealth        | 3 |  3.2
Armour         | |  0.4
Shields        | |  0.3
Unarmed Combat | |  3.8
Evocations     | |  0.2

Action                   |  1- 3 |  4- 6 || total
-------------------------+-------+-------++-------
Melee: Unarmed           |   106 |    40 ||   146
       Bite              |    22 |     5 ||    27
Invok: Whirlwind         |       |     1 ||     1
 Stab: Sleeping          |     6 |     1 ||     7
  Eat: Chunk             |     4 |     2 ||     6
Armor: Robe              |     8 |       ||     8
       Ring mail         |     1 |     9 ||    10
Dodge: Dodged            |    58 |    21 ||    79
Block: Buckler           |    14 |    13 ||    27
